 Dungeon Crawl Stone Soup version 0.20.0-15-g7f486f2 (webtiles) character file.

741 Firecrotchwizard the Slinger (level 8, 0/52 HPs)
             Began as a Halfling Hunter on June 9, 2017.
             Was a Follower of Okawaru.
             Slain by a centaur zombie (6 damage)
             ... on level 5 of the Dungeon.
             The game lasted 00:12:32 (5724 turns).

Firecrotchwizard the Slinger (Halfling Hunter)      Turns: 5724, Time: 00:12:33

Health: 0/52       AC:  9    Str:  9    XL:     8   Next: 5%
Magic:  8/8        EV: 14    Int: 11    God:    Okawaru [*.....]
Gold:   191        SH:  6    Dex: 18    Spells: 7/7 levels left

rFire    . . .     SeeInvis .   x - +0 hand axe (flame)
rCold    . . .     Gourm    .   w - +0 buckler
rNeg     + . .     Faith    .   A - +0 ring mail of the Harvest Moon {rN+ Str-4 Dex+3} (curse)
rPois    .         Spirit   .   D - +0 helmet
rElec    .         Reflect  .   (no cloak)
rCorr    .         Harm     .   t - +0 pair of gloves
MR       +....                  i - +1 pair of boots
Stlth    +.........             (no amulet)
Regen    0.2/turn               o - ring of protection from magic {MR+, !d}
MPRegen  0.2/turn               (no ring)

@: no status effects
A: mutation resistance 1
a: Heroism, Renounce Religion


You were on level 5 of the Dungeon.
You worshipped Okawaru.
Okawaru was aware of your devotion.
You were not hungry.

You visited 2 branches of the dungeon, and saw 6 of its levels.

You collected 191 gold pieces.

Inventory:

Hand Weapons
 a - a +3 hunting sling of velocity
   (You found it on level 1 of the Dungeon)
 b - a +0 spear
   (You found it on level 1 of the Dungeon)
 h - a +1 short sword of electrocution
   (You took it off Robin on level 4 of the Dungeon)
 j - a +0 short sword
 l - a +1 hunting sling
 x - a +0 hand axe of flaming (weapon)
   (You took it off an orc on level 4 of the Dungeon)
 I - a +0 hand axe of venom
   (You took it off an orc on level 4 of the Dungeon)
Missiles
 d - 48 sling bullets
Armour
 c - a +0 leather armour
 i - a +1 pair of boots (worn)
   (You found it on level 1 of the Dungeon)
 t - a +0 pair of gloves (worn)
   (You found it on level 2 of the Dungeon)
 w - a +0 buckler (worn)
   (You found it on level 3 of the Dungeon)
 A - the cursed +0 ring mail of the Harvest Moon (worn) {rN+ Str-4 Dex+3}
   (You found it on level 4 of the Dungeon)

   It affects your strength (-4).
   It affects your dexterity (+3).
   It protects you from negative energy.
   It has a curse placed upon it.
 D - a +0 helmet (worn)
   (You took it off Robin on level 4 of the Dungeon)
Jewellery
 o - a ring of protection from magic (left hand) {MR+, !d}
   (You found it on level 1 of the Dungeon)
Wands
 y - a wand of lightning (8/15)
   (You found it on level 4 of the Dungeon)
 E - a wand of polymorph (13/24)
   (You took it off Robin on level 4 of the Dungeon)
 G - a wand of random effects (19/48)
   (You found it on level 4 of the Dungeon)
Scrolls
 g - 2 scrolls of magic mapping {unknown}
 p - 4 scrolls of teleportation {unknown}
 C - a scroll of blinking {unknown}
 F - a scroll of enchant armour {unknown}
Potions
 e - 2 potions of heal wounds {unknown}
 m - 3 potions of curing {unknown}
 n - 3 potions of might
 q - a potion of flight {unknown}
 r - a potion of lignification {unknown}
 s - a potion of degeneration {unknown}
 u - a potion of magic {unknown}
 B - 2 potions of agility {unknown}
Books
 v - a book of Maledictions
   (You found it on level 3 of the Dungeon)
Comestibles
 f - 3 bread rations {@e1}
 k - 3 royal jellies
 z - 2 fruits
 H - a meat ration {@e2}


   Skills:
 + Level 3.4 Fighting
 * Level 9.6 Slings
 - Level 2.2 Armour
 + Level 4.6 Dodging
 - Level 1.1 Stealth
 + Level 2.9 Shields


You had 7 spell levels left.
You didn't know any spells.

Dungeon Overview and Level Annotations

Branches:
Dungeon (5/15)             Temple (1/1) D:4

Altars:
Ashenzari
Cheibriados
Dithmenos
Elyvilon
Fedhas
Gozag
Hepliaklqana
Kikubaaqudgha
Nemelex Xobeh
Okawaru
Trog
Uskayaw
Vehumet
Yredelemnul
Zin
The Shining One


Innate Abilities, Weirdness & Mutations

You are small and have problems with some larger weapons.
You are somewhat resistant to further mutation.


Message History

A goblin comes into view. It is wielding a war axe.
The goblin shouts!
You hit the bullfrog skeleton.
You destroy the bullfrog skeleton!
Okawaru accepts your kill.
You have reached level 8!
The adder skeleton barely misses you.
You regained 5 hp, and now have 40/52 hp.
MP restored: 8 You barely miss the adder skeleton.
The adder skeleton bites you.
You take 3 damage, and have 37/52 hp.
You hit the adder skeleton.
The adder skeleton bites you but does no damage. x2
You hit the adder skeleton. The adder skeleton closely misses you.
Your shield prevents you from hitting the adder skeleton.
The adder skeleton bites you but does no damage.
You hit the adder skeleton.
The adder skeleton completely misses you.
Your +0 hand axe of flaming bursts into flame!
x - a +0 hand axe of flaming (weapon)
The goblin drinks a potion.
The goblin seems to grow stronger.
The adder skeleton misses you.
You closely miss the adder skeleton. You hit the goblin. You burn the goblin.
The adder skeleton barely misses you. The goblin misses you.
A ball python zombie comes into view.
You hit the adder skeleton. You burn the adder skeleton.
You destroy the adder skeleton!
Okawaru accepts your kill.
You closely miss the goblin. The goblin hits you with a war axe.
You take 6 damage, and have 32/52 hp.
You hit the goblin but do no damage. The goblin closely misses you.
Your ring mail of the Harvest Moon prevents you from hitting the goblin.
The goblin misses you.
You hit the goblin. You burn the goblin.
You kill the goblin!
Okawaru accepts your kill.
You block the ball python zombie's attack.
The ball python zombie grabs you. The ball python zombie constricts you.
You take 1 damage, and have 32/52 hp.
You hit the ball python zombie. You burn the ball python zombie.
You block the ball python zombie's attack.
The ball python zombie constricts you.
The ball python zombie bites you but does no damage.
The ball python zombie constricts you.
You take 1 damage, and have 31/52 hp.
You hit the ball python zombie but do no damage.
You block the ball python zombie's attack.
The ball python zombie constricts you.
You hit the ball python zombie. You burn the ball python zombie.
You destroy the ball python zombie!
Okawaru accepts your kill.
No target in view!
You start resting.
An iguana comes into view.
You regained 2 hp, and now have 34/52 hp.
A centaur zombie comes into view.
The iguana hisses angrily.
Found a stone staircase leading up.
You closely miss the iguana. The iguana closely misses you.
You closely miss the iguana. The iguana bites you.
You block the iguana's attack.
You take 5 damage, and have 29/52 hp.
You hit the iguana but do no damage. The iguana bites you.
You take 5 damage, and have 24/52 hp.
You are too injured to fight recklessly!
You are too injured to fight recklessly!
You barely miss the iguana. The iguana closely misses you.
You hit the iguana. You burn the iguana.
The iguana bites you but does no damage.
The iguana bites you!
* * * LOW HITPOINT WARNING * * *
You take 9 damage, and have 15/52 hp.
You closely miss the iguana.
The iguana bites you but does no damage.
You hit the iguana but do no damage. The iguana barely misses you.
You hit the iguana. You burn the iguana. You block the iguana's attack. x2
You hit the iguana but do no damage. The iguana misses you.
You hit the iguana but do no damage. The iguana closely misses you.
You hit the iguana but do no damage. You block the iguana's attack.
The iguana closely misses you.
You hit the iguana. You burn the iguana.
You kill the iguana!
Okawaru accepts your kill.
You slash the centaur zombie! You burn the centaur zombie.
The centaur zombie hits you.
* * * LOW HITPOINT WARNING * * *
The centaur zombie hits you.
* * * LOW HITPOINT WARNING * * *
You take 8 damage, and have 9/52 hp.
You slash the centaur zombie! You burn the centaur zombie.
The centaur zombie hits you.
* * * LOW HITPOINT WARNING * * *
The centaur zombie barely misses you.
You take 4 damage, and have 5/52 hp.
Your ring mail of the Harvest Moon prevents you from hitting the centaur zombie.
The centaur zombie hits you but does no damage.
You hit the centaur zombie. You burn the centaur zombie.
The centaur zombie barely misses you. The centaur zombie hits you.
You die...

.## #... ..8....###.
#..8[P.....
#..P.......
##...........# .#..
.$..........##.#.. +
#Z#..###...##.#..#.
#.@...##...##.. ...
##....##......###.#
.##...§§#.§..#...#.#
.......§§§§§§....###.#
...###...§.§.....#....
... #.§§§§§§..#.#.#)#
#. #.>§§§§.......... <
.....§§§§§....#.#.#
#......§......#....


You could see a centaur zombie.

Vanquished Creatures
  An ogre (D:4)
  A scorpion (D:4)
  2 centaur zombies
  A bullfrog zombie (D:5)
  5 orc wizards
  A bullfrog skeleton (D:5)
  An iguana (D:5)
  A worker ant (D:4)
  A hound zombie (D:5)
  A hound skeleton (D:4)
  2 worker ant zombies (D:5)
  Robin (D:4)
  8 adders
  An ooze (D:3)
  An adder skeleton (D:5)
  3 worms (D:3)
  2 dart slugs
  3 leopard geckos
  16 orcs
  2 ball pythons (D:2)
  13 bats
  4 giant cockroaches
  15 goblins
  14 hobgoblins
  3 jackals (D:2)
  11 kobolds
  3 quokkas
  A ball python zombie (D:5)
  6 frilled lizards
  A giant cockroach zombie (D:5)
  A jackal zombie (D:5)
  2 leopard gecko skeletons (D:4)
  7 rats
135 creatures vanquished.

Notes
Turn   | Place    | Note
-------+----------+-------------------------------------------
     0 | D:1      | Firecrotchwizard the Halfling Hunter began the quest for the Orb.
     0 | D:1      | Reached XP level 1. HP: 14/14 MP: 1/1
   191 | D:1      | Reached skill level 6 in Slings
   256 | D:1      | Reached XP level 2. HP: 11/19 MP: 2/2
   430 | D:1      | HP: 3/19 [hobgoblin (5)]
   920 | D:1      | Reached XP level 3. HP: 24/24 MP: 3/3
   924 | D:1      | Reached skill level 2 in Fighting
  1021 | D:1      | Reached skill level 1 in Armour
  1573 | D:2      | Reached XP level 4. HP: 24/29 MP: 4/4
  1716 | D:2      | Found a shadowy altar of Dithmenos.
  2272 | D:2      | Found a basalt altar of Yredelemnul.
  2279 | D:2      | Found a shadowy altar of Dithmenos.
  2284 | D:2      | Found a white marble altar of Elyvilon.
  2291 | D:2      | Found a glowing silver altar of Zin.
  2296 | D:2      | Found a hide-covered altar of Uskayaw.
  2307 | D:2      | Found a sparkling altar of Nemelex Xobeh.
  2318 | D:2      | Found a hazy altar of Hepliaklqana.
  2625 | D:3      | Reached skill level 3 in Dodging
  2635 | D:3      | Reached skill level 2 in Armour
  2639 | D:3      | Reached skill level 7 in Slings
  2639 | D:3      | Reached XP level 5. HP: 10/35 MP: 5/5
  2641 | D:3      | HP: 8/35 [orc/hand axe (2)]
  2646 | D:3      | HP: 6/35 [orc/short sword (1)]
  3000 | D:3      | HP: 8/35 [poisoned by an adder]
  3005 | D:3      | HP: 7/35 [poisoned by an adder]
  3012 | D:3      | HP: 5/35 [poisoned by an adder]
  3020 | D:3      | HP: 4/35 [poisoned by an adder]
  3464 | D:3      | HP: 7/35 [worm (3)]
  3836 | D:3      | Found a bloodstained altar of Trog.
  4093 | D:4      | Reached XP level 6. HP: 34/41 MP: 6/6
  4152 | D:4      | Got a smelly ring mail
  4163 | D:4      | Identified the cursed +0 ring mail of the Harvest Moon {rN+ Str-4 Dex+3} (You found it on level 4 of the Dungeon)
  4266 | D:4      | Reached skill level 8 in Slings
  4266 | D:4      | Reached skill level 1 in Shields
  4441 | D:4      | Found a staircase to the Ecumenical Temple.
  4465 | D:4      | Noticed Robin
  4492 | D:4      | Killed Robin
  4492 | D:4      | HP: 8/41 [goblin/dagger[Robin] (4)]
  4760 | Temple   | Entered the Ecumenical Temple
  4871 | Temple   | Became a worshipper of Warmaster Okawaru
  5049 | D:4      | Reached skill level 4 in Dodging
  5049 | D:4      | Reached skill level 2 in Shields
  5049 | D:4      | Reached XP level 7. HP: 45/45 MP: 7/7
  5393 | D:4      | Reached skill level 3 in Fighting
  5419 | D:5      | Entered Level 5 of the Dungeon
  5454 | D:5      | Reached skill level 9 in Slings
  5460 | D:5      | Reached * piety under Okawaru
  5680 | D:5      | Reached XP level 8. HP: 40/52 MP: 8/8
  5721 | D:5      | HP: 12/52 [centaur zombie (5)]
  5722 | D:5      | HP: 5/52 [centaur zombie (4)]
  5724 | D:5      | Slain by a centaur zombie

Skill      XL: |  1  2  3  4  5  6  7 |
---------------+----------------------+-----
Slings         | 6 7 8 9 |  9.6
Fighting       | 2 3 |  3.4
Armour         | 1 2 |  2.2
Dodging        | 3 4 |  4.6
Shields        | 2 |  2.9
Stealth        | |  1.1

Action                   |  1- 3 |  4- 6 |  7- 9 || total
-------------------------+-------+-------+-------++-------
Melee: Short sword       |    57 |       |       ||    57
       Mace              |    25 |       |       ||    25
       Spear             |    84 |   289 |    80 ||   453
       Hand axe          |       |       |    24 ||    24
 Fire: Hunting sling     |       |    70 |    64 ||   134
Throw: Stone             |     2 |       |       ||     2
  Use: Scroll            |     2 |     1 |       ||     3
 Stab: Sleeping          |     2 |     2 |       ||     4
  Eat: Chunk             |     2 |     7 |     2 ||    11
       Meat ration       |       |     1 |       ||     1
Armor: Leather armour    |    33 |    70 |       ||   103
       Ring mail         |       |    20 |    62 ||    82
Dodge: Dodged            |   147 |   271 |   111 ||   529
Block: Buckler           |       |       |    46 ||    46

Vault maps used:
D:1:      minmay_arrival_stair_chambers, st_stairs_12, minmay_fountain_box,
          serial_park_tiny_1, minmay_ruptured
D:2:      grunt_temple_overflow_octagram, minmay_crystal_room,
          grunt_dithmenos_smoke_and_mirrors
D:3:      nicolae_overflow_crystal_walls
D:4:      minmay_temple_entry_junction_2, uniq_robin
D:5:      nicolae_ru_sacrificial_ziggurat, serial_undead, serial_undead_d,
          serial_undead_a, serial_undead_b, serial_undead_c, serial_undead_b,
          serial_undead_c, serial_undead_a, serial_undead_c, serial_undead_c,
          serial_undead_e, first_bread, minmay_misc_feat_roman
Temple:   minmay_temple_curvy_loop

Table legend:
 A = Turns spent in this place as a percentage of turns spent in the entire game.
 B = Non-inter-level travel turns spent in this place as a percentage of non-inter-level travel turns spent in the entire game.
 C = Inter-level travel turns spent in this place as a percentage of turns spent in this place.
 D = Turns resting spent in this place as a percentage of non-inter-level travel turns spent in this place.
 E = Turns spent auto-exploring this place as a percentage of non-inter-level travel turns spent in this place.
 F = Non-inter-level travel turns spent in this place divided by the number of levels of this place that you've seen.
                   A       B       C       D       E      F
               +-------+-------+-------+-------+-------+----------------------
         Total | 100.0 | 100.0 |   0.5 |   2.3 |   9.9 | 273.7
       Dungeon |  98.7 |  98.7 |   0.4 |   2.3 |   9.5 | 324.2
        Temple |   1.3 |   1.3 |   4.5 |   0.0 |  38.1 |  21.0
               +-------+-------+-------+-------+-------+----------------------

Table legend:
 A = Kills in this place as a percentage of kills in entire the game.
 B = Kills by you in this place as a percentage of kills by you in the entire game.
 C = Kills by friends in this place as a percentage of kills by friends in the entire game.
 D = Other kills in this place as a percentage of other kills in the entire game.
 E = Experience gained in this place as a percentage of experience gained in the entire game.
 F = Experience gained in this place divided by the number of levels of this place that you have seen.
                   A       B       C       D       E      F
               +-------+-------+-------+-------+-------+----------------------
         Total | 100.0 | 100.0 |  -nan |  -nan | 100.0 | 176.5
       Dungeon | 100.0 | 100.0 |  -nan |  -nan | 100.0 | 211.8
               +-------+-------+-------+-------+-------+----------------------
